 Dungeon Crawl Stone Soup version 0.29-a0-550-g81e455f4c2 (webtiles) character file.

Game seed: 15336146196036361716

131 Lekart the Skirmisher (level 4, -2/40 HPs)
             Began as a Draconian Abyssal Knight on June 5, 2022.
             Was a Believer of Lugonu.
             Killed by divine providence
             ... invoked by an orc priest
              (13 damage)
             ... on level 3 of the Dungeon.
             The game lasted 00:02:26 (2118 turns).

Lekart the Skirmisher (Draconian Abyssal Knight)    Turns: 2118, Time: 00:02:27

Health: -2/40      AC:  6    Str: 15    XL:     4   Next: 91%
Magic:  6/6        EV: 12    Int: 10    God:    Lugonu [**....]
Gold:   133        SH:  0    Dex: 14    Spells: 3/3 levels left

rFire   . . .      SeeInvis .   a - +1 hand axe
rCold   . . .      Faith    .   (no shield)
rNeg    . . .      Spirit   .   (body armour unavailable)
rPois   .          Reflect  .   (helmet restricted)
rElec   .          Harm     .   (no cloak)
rCorr   .          Rampage  .   n - +0 pair of gloves
Will    .....                   (no boots)
Stlth   +.........              (no amulet)
HPRegen 0.13/turn               (no ring)
MPRegen 0.10/turn               (no ring)

@: no status effects
A: AC +5, unfitting armour, cold-blooded
a: Renounce Religion, Depart the Abyss, Bend Space


You were on level 3 of the Dungeon.
You worshipped Lugonu.
Lugonu was pleased with you.
You visited 1 branch of the dungeon, and saw 3 of its levels.
You visited the Abyss 1 time.

You collected 133 gold pieces.

Inventory:

Hand Weapons
 a - a +1 hand axe (weapon)
Missiles
 f - 8 poisoned darts (quivered)
Armour
 n - a +0 pair of gloves (worn)
Scrolls
 b - a scroll of noise {unknown}
 c - 4 scrolls of identify {unknown}
 h - a scroll of magic mapping {unknown}
 k - a scroll of immolation {unknown}
Potions
 i - a potion of cancellation
 j - a potion of heal wounds {unknown}
 l - 2 potions of haste {unknown}
 m - a potion of curing {unknown}


   Skills:
 + Level 4.1 Fighting
 + Level 3.1 Axes
 + Level 1.6 Throwing
 + Level 2.4 Dodging
 * Level 3.0 Invocations


You had 3 spell levels left.
You didn't know any spells.
Your spell library was empty.

Dungeon Overview and Level Annotations

Branches:
Dungeon (3/15)

Altars:
Cheibriados

Shops:
D:3 *


Innate Abilities, Weirdness & Mutations

Your plain brown scales are hard. (AC +5)
You cannot fit into any form of body armour.
You are cold-blooded and may be slowed by cold attacks.


Message History

You hit the orc.
The orc is almost dead.
You hit the orc.
You kill the orc!
Lugonu accepts your kill.
An orc priest comes into view. It is wielding a +0 short sword.
There are monsters nearby!
The orc priest mumbles some strange prayers to Beogh against you.
Beogh smites you!
The orc priest shouts!
You slash the orc!
You kill the orc!
Lugonu accepts your kill.
The orc priest calls down the wrath of Beogh upon you.
Pain shoots through your body!
You are too injured to fight recklessly!
It was a potion of lignification.
You turn into a tree.
Your +0 pair of gloves melds into your body.
Your roots penetrate the ground.
The orc priest looks satisfied for a moment.
The orc priest mumbles some strange prayers to Beogh against you.
Beogh smites you!
* * * LOW HITPOINT WARNING * * *
You aren't carrying any items that you can evoke.
It was a potion of cancellation.
Your magical effects are unravelling.
You feel magically purged.
You feel less wooden.
Your +0 pair of gloves unmelds from your body.
The orc priest hits you from afar with a +0 halberd.
* * * LOW HITPOINT WARNING * * *
Okay, then.
Throw: 9 darts (poison)
Press: ? - help, Q - select action, (/) - cycle Shift-Dir - straight line, f - orc priest
Aim: an orc priest, wielding a +0 halberd (60% to hit)
You throw a poisoned dart.
The poisoned dart closely misses the orc priest.
The orc priest invokes the aid of Beogh against you.
Beogh smites you!
You die...

.....##....##.#.#
∩.........##
#..###
.#........# #...
# .....####.##
##.## .# ...#.#
##.###.####.#
.###.#
##....##.=.#
...#.# ####[#..#
##.#.# #?.)##
##.#.##### ###@)#
##.#.....# ##.o.#
...#####.# #o.#
#..# #.# ..# #..#
#.# .# #..# #.#
.# #..#####.# #
#.....##.#
###.#.##.#######


You could see 2 orc priests.

Vanquished Creatures
  A phantom (D:3)
  An adder (D:3)
  2 worms (D:2)
  A dart slug (D:1)
  2 orcs (D:3)
  2 bats
  2 endoplasms
  2 giant cockroaches
  2 goblins
  6 hobgoblins
  2 quokkas (D:1)
  2 ball pythons (D:1)
  3 frilled lizards
  3 kobolds
  3 rats
34 creatures vanquished.

Notes
Turn   | Place    | Note
-------+----------+-------------------------------------------
     0 | Abyss:1  | Lekart the Draconian Abyssal Knight began the quest for the
                  | Orb.
     0 | Abyss:1  | Reached XP level 1. HP: 19/19 MP: 2/2
    58 | Abyss:1  | Noticed a spatial maelstrom
    64 | Abyss:1  | Noticed a spatial vortex
    64 | Abyss:1  | Noticed a spatial vortex
    65 | D:1      | Escaped the Abyss
   273 | D:1      | Reached ** piety under Lugonu
   344 | D:1      | Reached XP level 2. HP: 21/26 MP: 3/3
   619 | D:1      | Found a faded altar of an unknown god.
  1313 | D:2      | Reached XP level 3. HP: 33/33 MP: 4/4
  1475 | D:2      | Found a snail-covered altar of Cheibriados.
  1697 | D:3      | Found Wakhlyadd's Assorted Antiques.
  1712 | D:3      | Noticed a phantom
  1730 | D:3      | Killed a phantom
  1731 | D:3      | Reached skill level 4 in Fighting
  1731 | D:3      | Reached skill level 1 in Throwing
  1731 | D:3      | Reached XP level 4. HP: 13/40 MP: 4/6
  2118 | D:3      | Killed from afar by an orc priest

Illustrated notes

Levels and vault maps discovered:
D:1:      minmay_arrival_wavy_path, layout_basic,
          chequers_ecumenical_altar_island
D:2:      layout_basic, basic_altar
D:3:      layout_loops_ring, yredelemnul_forgotten_temple_becter, serial_shops,
          shop

Skill      XL: |  1  2  3  4 |
---------------+-------------+-----
Fighting       | 4 |  4.1
Axes           | 3 |  3.1
Throwing       | 1 |  1.6
Invocations    | 3 |  3.0
Dodging        | |  2.4

Action                   |  1- 3 |  4- 6 || total
-------------------------+-------+-------++-------
Melee: Hand axe          |    72 |    18 ||    90
       Tailslap          |     7 |     1 ||     8
Throw: Dart              |    39 |     1 ||    40
Invok: Depart the Abyss  |     1 |       ||     1
  Use: Potion            |     2 |     2 ||     4
Armor: Skin              |    15 |     5 ||    20
Dodge: Dodged            |    35 |    13 ||    48

Table legend: (Time is in decaauts)
 A = Elapsed time spent in this place.
 B = Non-inter-level travel time spent in this place.
 C = Inter-level travel time spent in this place.
 D = Time resting spent in this place.
 E = Time spent auto-exploring this place.
 F = Levels seen in this place.
 G = Mean time per level.
                   A        B        C        D        E       F      G
               +--------+--------+--------+--------+--------+-----+--------+
         Total |   2140 |   2132 |      8 |      0 |   1827 |   4 |  535.0 |
       Dungeon |   2075 |   2067 |      8 |      0 |   1765 |   3 |  691.7 |
         Abyss |     65 |     65 |      0 |      0 |     62 |   1 |   65.0 |
               +--------+--------+--------+--------+--------+-----+--------+

Top non-repeatable levels by time:
     D:1: 973 daAuts
     D:2: 630 daAuts
     D:3: 471 daAuts
 Abyss:1: 65 daAuts
